[Event "ICC tourney 2532 (25 5)"]
[Site "Internet Chess Club"]
[Date "2021.04.24"]
[Round "4"]
[White "EVANS, COOPER:K12-14988402"]
[Black "STORM GALE, LIAM:K12-16845608"]
[Result "1-0"]
[ICCResult "Black resigns"]
[WhiteElo "511"]
[BlackElo "1146"]
[Opening "Sicilian: closed"]
[ECO "B24"]
[NIC "SI.44"]
[Time "17:06:47"]
[PlyCount "57"]
[TimeControl "1500+5"]

1. e4 c5 2. Nc3 Nc6 3. g3 e6 4. Bg2 a6 5. d3 Nf6 6. h3 d5 7. f4 dxe4 8.
Nxe4 Be7 9. Be3 Nxe4 10. Bxe4 O-O 11. Qh5 g6 12. Qe2 Nd4 13. Qf2 Qb6 14.
O-O-O Bd7 15. h4 Bc6 16. h5 Rfd8 17. hxg6 hxg6 18. Qh2 Bf6 19. c3 Nf5 20.
Bd2 Bxe4 21. dxe4 Ne7 22. Nf3 Qa5 23. Ng5 Bg7 24. Kb1 b5 25. c4 Qb6 26. Bc3
Rxd1+ 27. Rxd1 Nf5 28. Qh7+ Kf8 29. exf5 { Black resigns } 1-0

[Event "ICC tourney 2532 (25 5)"]
[Site "Internet Chess Club"]
[Date "2021.04.24"]
[Round "4"]
[White "MATTA, KISNA:K12-14874247"]
[Black "JAIN, SAMYAK:K12-15756642"]
[Result "1-0"]
[ICCResult "Black resigns"]
[WhiteElo "1843"]
[BlackElo "1358"]
[Opening "Queen's gambit declined"]
[ECO "D30"]
[NIC "QP.08"]
[Time "17:06:32"]
[PlyCount "87"]
[TimeControl "1500+5"]

1. d4 d5 2. c4 e6 3. Nf3 Nf6 4. g3 Nc6 5. Bg2 b6 6. O-O Bb7 7. Nc3 Be7 8.
Ne5 O-O 9. Re1 Bb4 10. Bg5 h6 11. Bxf6 Qxf6 12. Nd7 Qxd4 13. Nxf8 Rxf8 14.
cxd5 Qxd1 15. Rexd1 Ne5 16. dxe6 Bxg2 17. exf7+ Rxf7 18. Kxg2 Bxc3 19. bxc3
Re7 20. e3 Kf7 21. Rd4 Ke6 22. Rad1 c5 23. Rd6+ Kf7 24. h3 Ke8 25. g4 Nc4
26. Rd8+ Kf7 27. R1d5 g6 28. Rh8 Kg7 29. Rdd8 Nd6 30. Rdg8+ Kf7 31. Rh7+
Kxg8 32. Rxe7 a5 33. f4 Kf8 34. Rc7 Nc4 35. Kf3 g5 36. f5 Ke8 37. f6 Kf8
38. Ke4 Nd6+ 39. Ke5 Nf7+ 40. Ke6 Nd8+ 41. Kf5 Ke8 42. Kg6 h5 43. f7+ Kf8
44. Rc8 { Black resigns } 1-0

[Event "ICC tourney 2532 (25 5)"]
[Site "Internet Chess Club"]
[Date "2021.04.24"]
[Round "4"]
[White "M ZHANG, ERIC:K12-14668426"]
[Black "SAMUEL PLATNICK, ELIJAH:K12-15208013"]
[Result "1-0"]
[ICCResult "Black checkmated"]
[WhiteElo "2204"]
[BlackElo "2015"]
[Opening "QGD: Ragozin variation"]
[ECO "D38"]
[NIC "NI.27"]
[Time "17:07:26"]
[PlyCount "73"]
[TimeControl "1500+5"]

1. d4 d5 2. c4 e6 3. Nc3 Bb4 4. Nf3 Nf6 5. Bg5 h6 6. Bxf6 Qxf6 7. e3 O-O 8.
Be2 dxc4 9. Bxc4 Rd8 10. Qe2 c5 11. O-O Nc6 12. Ne4 Qe7 13. a3 f5 14. Ng3
Ba5 15. dxc5 Kh8 16. b4 Bc7 17. Rad1 Rf8 18. Nd4 Nxd4 19. exd4 f4 20. d5
fxg3 21. d6 gxh2+ 22. Kh1 Qf7 23. dxc7 Qxc7 24. Qe4 e5 25. Rd6 Qe7 26. Re1
Bf5 27. Qxe5 Qh4 28. Bd5 Qh5 29. Bf3 Qf7 30. Rxh6+ Bh7 31. Be4 Rae8 32.
Rxh7+ Kg8 33. Rh8+ Kxh8 34. Qxh2+ Qh5 35. Qxh5+ Kg8 36. Bd5+ Rf7 37. Rxe8#
{ Black checkmated } 1-0

[Event "ICC tourney 2532 (25 5)"]
[Site "Internet Chess Club"]
[Date "2021.04.24"]
[Round "4"]
[White "CHEN, JUSTIN:K12-14732288"]
[Black "LADAN, NICHOLAS:K12-15092641"]
[Result "1-0"]
[ICCResult "Black checkmated"]
[WhiteElo "2390"]
[BlackElo "2083"]
[Opening "QGD Slav: 4.e3 Bf5"]
[ECO "D12"]
[NIC "QP.09"]
[Time "17:06:46"]
[PlyCount "73"]
[TimeControl "1500+5"]

1. Nf3 d5 2. c4 c6 3. e3 Nf6 4. d4 Bf5 5. Nc3 e6 6. Nh4 Be4 7. f3 Bg6 8.
Qb3 Qc7 9. Bd2 Be7 10. g3 a6 11. Rc1 dxc4 12. Bxc4 O-O 13. Nxg6 hxg6 14.
Be2 Rd8 15. O-O e5 16. d5 Bc5 17. Ne4 Ba7 18. d6 Qb6 19. Qa3 Nbd7 20. Nc5
Nd5 21. Ba5 Qxc5 22. Rxc5 Bxc5 23. Qb3 Bxe3+ 24. Kh1 Nc5 25. Qa3 b6 26.
Bxb6 Nxb6 27. Qxe3 Nbd7 28. Rc1 Ne6 29. Rxc6 Rab8 30. b3 Nd4 31. Rc7 Rb6
32. Qg5 Ne6 33. Qe7 Ndf8 34. Qxf7+ Kh7 35. Bc4 Rbxd6 36. Qe7 Nxc7 37. Qh4#
{ Black checkmated } 1-0

[Event "ICC tourney 2532 (25 5)"]
[Site "Internet Chess Club"]
[Date "2021.04.24"]
[Round "4"]
[White "H WILLIAMS, JOSHUA:K12-14759594"]
[Black "ANAND, SANJEEV:K12-14436451"]
[Result "1-0"]
[ICCResult "Black resigns"]
[WhiteElo "1217"]
[BlackElo "1753"]
[Opening "Caro-Kann: classical variation"]
[ECO "B18"]
[NIC "CK.10"]
[Time "17:06:11"]
[PlyCount "133"]
[TimeControl "1500+5"]

1. e4 c6 2. d4 d5 3. Nc3 dxe4 4. Nxe4 Bf5 5. Ng3 Bg6 6. Nf3 Nd7 7. Bd3 Bxd3
8. Qxd3 Ngf6 9. Bf4 Qa5+ 10. Bd2 Qc7 11. O-O e6 12. Rfe1 Bd6 13. Nf5 O-O
14. Nxd6 Qxd6 15. c4 c5 16. Bc3 Rac8 17. Rad1 Qc7 18. d5 exd5 19. cxd5 Rfe8
20. d6 Rxe1+ 21. Rxe1 Qc6 22. Bxf6 Nxf6 23. Ne5 Qa4 24. d7 Rd8 25. b3 Qd4
26. Qxd4 cxd4 27. Rc1 Kf8 28. Rc7 d3 29. Kf1 Ke7 30. f4 Nxd7 31. Nxd3 Kd6
32. Rxb7 Ra8 33. Kf2 Kc6 34. Rb4 f6 35. Re4 Kd6 36. Ke3 Rc8 37. Rd4+ Ke7
38. Nb4 a5 39. Nd5+ Kf8 40. Kd3 Nc5+ 41. Kd2 Ne6 42. Rc4 Rd8 43. b4 Rxd5+
44. Kc3 Ke7 45. a4 Kd6 46. g3 axb4+ 47. Rxb4 Ra5 48. Rb6+ Kd7 49. Kb4 Ra8
50. a5 Nc7 51. Ka4 Ra6 52. Rxa6 Nxa6 53. Kb5 Nc7+ 54. Kb6 f5 55. Kc5 g6 56.
Kd4 Kc6 57. Ke5 Nd5 58. h3 Ne3 59. Kf6 Nf1 60. g4 fxg4 61. hxg4 Ne3 62. Kg5
Ng2 63. f5 h5 64. fxg6 h4 65. g7 h3 66. g8=Q h2 67. Qa8+ { Black resigns }
1-0

[Event "ICC tourney 2532 (25 5)"]
[Site "Internet Chess Club"]
[Date "2021.04.24"]
[Round "4"]
[White "HUNG, DANIEL:K12-14504425"]
[Black "XINJIAN LI, DAVID:K12-14899012"]
[Result "1-0"]
[ICCResult "Black resigns"]
[WhiteElo "2185"]
[BlackElo "1936"]
[Opening "Sicilian: closed"]
[ECO "B23"]
[NIC "SI.44"]
[Time "17:07:26"]
[PlyCount "107"]
[TimeControl "1500+5"]

1. e4 c5 2. Nc3 d6 3. f4 Nc6 4. Nf3 e6 5. Bc4 Nge7 6. d3 a6 7. O-O b5 8.
Bb3 Bb7 9. f5 exf5 10. Ng5 c4 11. dxc4 bxc4 12. Bxc4 Ne5 13. Bb3 h6 14. Nf3
N7c6 15. Nd4 Nxd4 16. Qxd4 Be7 17. exf5 O-O 18. Nd5 Bxd5 19. Qxd5 Qb6+ 20.
Kh1 Bf6 21. Bd2 Rac8 22. Rad1 Ng4 23. Qf3 Ne5 24. Qg3 Kh7 25. Bc3 Rc6 26.
Rd5 Rfc8 27. Rfd1 Qc7 28. Ba4 Rc4 29. Bb3 Rc6 30. h3 Rb8 31. Qf2 Nd7 32.
Bxf6 Nxf6 33. R5d4 a5 34. Qf4 Rcb6 35. a4 Rd8 36. Qd2 Rc6 37. c3 Rc5 38.
Bd5 Re8 39. Bf3 Rxf5 40. Rxd6 Rfe5 41. b4 axb4 42. cxb4 Ne4 43. Bxe4+ Rxe4
44. Rd4 Re2 45. Qd3+ Kg8 46. Rd8 Qe7 47. Rxe8+ Qxe8 48. Qd8 Qf8 49. Qxf8+
Kxf8 50. Rd7 Re4 51. Rb7 Ke8 52. a5 Re7 53. Rxe7+ Kxe7 54. a6 { Black
resigns } 1-0

[Event "ICC tourney 2532 (25 5)"]
[Site "Internet Chess Club"]
[Date "2021.04.24"]
[Round "4"]
[White "HUA, CHARLES:K12-14763433"]
[Black "EDMUND MICHIGAN, JOHNATHAN:K12-16974541"]
[Result "1/2-1/2"]
[ICCResult "Game drawn by mutual agreement"]
[WhiteElo "2108"]
[BlackElo "1054"]
[Opening "Ruy Lopez: Cozio defense"]
[ECO "C60"]
[NIC "RL.04"]
[Time "17:07:06"]
[PlyCount "72"]
[TimeControl "1500+5"]

1. e4 e5 2. Nf3 Nc6 3. Bb5 Nge7 4. O-O a6 5. Ba4 b5 6. Bb3 Ng6 7. c3 Be7 8.
d3 Bb7 9. Re1 O-O 10. Nbd2 Na5 11. Bc2 Rc8 12. Nf1 c5 13. Ng3 Re8 14. h3 h6
15. Nf5 d5 16. Qe2 dxe4 17. dxe4 Qc7 18. Nh2 Rcd8 19. Qf3 Nc4 20. Bxh6 gxh6
21. Nxh6+ Kh8 22. Nxf7+ Kg7 23. Nxd8 Rxd8 24. b3 Na3 25. Bd1 c4 26. b4 Rd3
27. Re3 Nf4 28. Ng4 Bc8 29. Kh2 Rd8 30. Qg3 Ng6 31. Re1 a5 32. Ne3 Bh4 33.
Qf3 Rf8 34. Qh5 Bxf2 35. Re2 Rh8 36. Qf3 Rf8 { Game drawn by mutual
agreement } 1/2-1/2

[Event "ICC tourney 2532 (25 5)"]
[Site "Internet Chess Club"]
[Date "2021.04.24"]
[Round "4"]
[White "ALBION ZHANG, NATHANIEL:K12-14885012"]
[Black "WOLFSON, BRIAN:K12-14879271"]
[Result "0-1"]
[ICCResult "White resigns"]
[WhiteElo "2150"]
[BlackElo "1838"]
[Opening "English opening"]
[ECO "A16"]
[NIC "EO.64"]
[Time "17:07:06"]
[PlyCount "86"]
[TimeControl "1500+5"]

1. c4 Nf6 2. Nc3 g6 3. e4 c5 4. g3 Nc6 5. Bg2 Bg7 6. Nge2 d6 7. O-O O-O 8.
d3 Bd7 9. h3 a6 10. Be3 Rb8 11. a4 e5 12. f4 Nd4 13. g4 Bxg4 14. hxg4 Nxg4
15. Bf2 Nxf2 16. Rxf2 exf4 17. Nxf4 Qh4 18. Ncd5 Be5 19. Kf1 f5 20. Qe1
Rbe8 21. Qe3 fxe4 22. dxe4 Bxf4 23. Nxf4 Nf5 24. Qh3 Ng3+ 25. Kg1 Rxf4 26.
Qxh4 Rxh4 27. Ra3 Nxe4 28. Re2 Nf6 29. Rxe8+ Nxe8 30. Bxb7 a5 31. Bd5+ Kg7
32. Rb3 Nf6 33. Rb7+ Kh6 34. Bf7 Kg5 35. Ra7 Rg4+ 36. Kf1 Ne4 37. Ke2 Kf4
38. Rxa5 Rg2+ 39. Kf1 Rf2+ 40. Kg1 Kg3 41. Rb5 Rxf7 42. Rb3+ Rf3 43. Rb7
Nd2 { White resigns } 0-1

[Event "ICC tourney 2532 (25 5)"]
[Site "Internet Chess Club"]
[Date "2021.04.24"]
[Round "4"]
[White "CHOI YOO, EUGENE:K12-14862820"]
[Black "D DE LEON, CARLOS:K12-14987180"]
[Result "1-0"]
[ICCResult "Black resigns"]
[WhiteElo "2191"]
[BlackElo "1995"]
[Opening "Queen's pawn game, Darooha variation "]
[ECO "D02"]
[NIC "QP.08"]
[Time "17:06:30"]
[PlyCount "79"]
[TimeControl "1500+5"]

1. d4 d5 2. Nf3 Nf6 3. g3 c6 4. Bg2 Bf5 5. O-O h6 6. c4 e6 7. Qb3 Qb6 8. c5
Qxb3 9. axb3 Nbd7 10. Nc3 a6 11. b4 Rc8 12. Nd2 Be7 13. Nb3 g5 14. Na5 Rb8
15. f3 Bg6 16. Bd2 Bd8 17. e4 Bc7 18. exd5 Nxd5 19. Nxd5 exd5 20. f4 gxf4
21. Rae1+ Kd8 22. Bxf4 Bxf4 23. Rxf4 Re8 24. Rxe8+ Kxe8 25. Rh4 h5 26. Bf3
Nf6 27. g4 Ne4 28. Bxe4 Bxe4 29. Rxh5 Kd7 30. Rh6 Kc7 31. Rf6 Bg6 32. Kf2
Re8 33. Rf4 Rh8 34. Kg3 Re8 35. h4 Re4 36. h5 Rxf4 37. Kxf4 Be4 38. Ke5 Bf3
39. Kf6 Bxg4 40. h6 { Black resigns } 1-0

[Event "ICC tourney 2532 (25 5)"]
[Site "Internet Chess Club"]
[Date "2021.04.24"]
[Round "4"]
[White "STIG MELLODY, MARCUS:K12-14740377"]
[Black "WANG, LUKE:K12-14250470"]
[Result "0-1"]
[ICCResult "White forfeits on time"]
[WhiteElo "1713"]
[BlackElo "2016"]
[Opening "Nimzo-Indian: three knights variation"]
[ECO "E21"]
[NIC "NI.28"]
[Time "17:07:06"]
[PlyCount "64"]
[TimeControl "1500+5"]

1. d4 Nf6 2. c4 e6 3. Nf3 Bb4+ 4. Nc3 c5 5. Bf4 cxd4 6. Nxd4 a6 7. e3 O-O
8. Bd3 Nc6 9. O-O Re8 10. Bg5 Be7 11. Rc1 Nxd4 12. exd4 d5 13. Re1 dxc4 14.
Bxc4 b5 15. Bb3 Bb7 16. Bf4 Rc8 17. Be5 h6 18. Qd2 Qd7 19. Red1 Red8 20. h3
b4 21. Ne2 a5 22. Bc2 Ne8 23. Qd3 g6 24. Qg3 Bf6 25. Qe3 Bg7 26. Bf4 Qd5
27. f3 g5 28. Be5 Ba6 29. Ng3 Rxc2 30. Rxc2 Bxe5 31. Kh1 Bxg3 32. Rc5 Qxc5
{ White forfeits on time } 0-1

[Event "ICC tourney 2532 (25 5)"]
[Site "Internet Chess Club"]
[Date "2021.04.24"]
[Round "4"]
[White "K HARRIS, ALEX:K12-14223018"]
[Black "ZEREGA, LUCA:K12-16005458"]
[Result "1-0"]
[ICCResult "Black checkmated"]
[WhiteElo "1805"]
[BlackElo "1285"]
[Opening "Queen's bishop game"]
[ECO "D02"]
[NIC "QP.08"]
[Time "17:07:06"]
[PlyCount "125"]
[TimeControl "1500+5"]

1. d4 d5 2. Nf3 Nf6 3. Bf4 e6 4. e3 Bd6 5. Nbd2 Ne4 6. Bd3 Nxd2 7. Qxd2 Nd7
8. Qe2 Nf6 9. Ne5 b6 10. Bb5+ Bd7 11. Bg5 Bxe5 12. dxe5 h6 13. Bxd7+ Qxd7
14. Bxf6 gxf6 15. exf6 O-O-O 16. O-O-O Qa4 17. Kb1 Rhg8 18. Rd4 Qc6 19.
Qa6+ Qb7 20. Qxb7+ Kxb7 21. g3 h5 22. Rh4 Rh8 23. h3 Rdg8 24. Rf4 Rg6 25.
Kc1 Rhh6 26. Kd2 c5 27. Kd3 Kc6 28. e4 Rxf6 29. Rxf6 Rxf6 30. f4 Rg6 31.
Rg1 h4 32. g4 d4 33. f5 exf5 34. exf5 Rg8 35. Re1 Kd6 36. Re4 b5 37. Ke2 a5
38. Kf3 Kd5 39. Re7 Rf8 40. Ke2 Kd6 41. f6 Kd5 42. Kd2 c4 43. b3 Kc5 44.
Re5+ Kb4 45. bxc4 bxc4 46. Rd5 Rc8 47. Rxd4 Rc6 48. Rf4 Ka3 49. g5 Kxa2 50.
g6 Rc8 51. g7 a4 52. Rxc4 Rxc4 53. g8=Q Kb2 54. Qxf7 Rxc2+ 55. Kd1 a3 56.
Qb7+ Kc3 57. Qc7+ Kd4 58. Qxc2 Ke3 59. f7 Kf3 60. f8=Q+ Kg3 61. Qg6+ Kxh3
62. Qf3+ Kh2 63. Qfg2# { Black checkmated } 1-0

[Event "ICC tourney 2532 (25 5)"]
[Site "Internet Chess Club"]
[Date "2021.04.24"]
[Round "4"]
[White "ORUGANTI, SURAJ:K12-15521792"]
[Black "LJ CHEN, BENJAMIN:K12-14811886"]
[Result "0-1"]
[ICCResult "White checkmated"]
[WhiteElo "1771"]
[BlackElo "2192"]
[Opening "Sicilian: Alapin's variation (2.c3)"]
[ECO "B22"]
[NIC "SI.46"]
[Time "17:06:12"]
[PlyCount "144"]
[TimeControl "1500+5"]

1. e4 c5 2. c3 d5 3. exd5 Qxd5 4. d4 g6 5. Nf3 Bg7 6. Nbd2 cxd4 7. cxd4 Nc6
8. Bc4 Qd8 9. O-O Nf6 10. Re1 O-O 11. h3 b6 12. Nb3 Bb7 13. d5 Nb4 14. Bg5
Nbxd5 15. Qd2 e6 16. Nbd4 Qd6 17. Rad1 Qb4 18. Qxb4 Nxb4 19. Ne5 Bd5 20.
Bxd5 Nbxd5 21. Nb5 Rfd8 22. Nc6 Rd7 23. Ne5 Re7 24. Ng4 h5 25. Nxf6+ Nxf6
26. b3 a6 27. Nd6 Rc7 28. Rc1 Rxc1 29. Rxc1 Nd5 30. Rc6 Bd4 31. Bh4 Kg7 32.
a4 f6 33. Bg3 e5 34. Ne4 Rd8 35. Kh2 Kf7 36. b4 g5 37. f3 h4 38. Be1 Ke7
39. Bd2 Rd7 40. b5 axb5 41. axb5 Ra7 42. Rd6 Ne3 43. Bxe3 Bxe3 44. Rc6 Ra5
45. Nc3 Kd7 46. Rxf6 Bd4 47. Ne4 Rxb5 48. Rf7+ Kc6 49. Nxg5 Rb1 50. g4 b5
51. Rf6+ Kb7 52. Rf7+ Ka6 53. Rf6+ Ka5 54. Ne4 b4 55. Rf8 b3 56. Rb8 b2 57.
Nd2 Rc1 58. Nb3+ Ka4 59. Nxd4 exd4 60. Rxb2 d3 61. Rb8 d2 62. Rd8 d1=Q 63.
Rxd1 Rxd1 64. f4 Rf1 65. f5 Kb4 66. Kg2 Rf4 67. Kg1 Kc4 68. Kg2 Kd3 69. Kg1
Ke3 70. Kh2 Kf2 71. Kh1 Kg3 72. f6 Rf1# { White checkmated } 0-1

[Event "ICC tourney 2532 (25 5)"]
[Site "Internet Chess Club"]
[Date "2021.04.24"]
[Round "4"]
[White "MARTINEZ, JONATHAN:K12-14701133"]
[Black "SINGH, ANISH:K12-16345003"]
[Result "1-0"]
[ICCResult "Black checkmated"]
[WhiteElo "1945"]
[BlackElo "1449"]
[Opening "Two knights defense (Modern bishop's opening)"]
[ECO "C55"]
[NIC "IG.01"]
[Time "17:07:22"]
[PlyCount "127"]
[TimeControl "1500+5"]

1. e4 e5 2. Nf3 Nc6 3. Bc4 Nf6 4. d3 Be7 5. c3 d6 6. Nbd2 Bg4 7. Nf1 O-O 8.
Ng3 Qd7 9. h3 Be6 10. Bxe6 fxe6 11. O-O d5 12. Qe2 Bd6 13. Be3 Rae8 14.
Rad1 a6 15. Rfe1 Qf7 16. Bc1 b5 17. Qc2 h6 18. a4 bxa4 19. Qxa4 Qd7 20. Qc2
Nd8 21. d4 Nf7 22. Nh4 Nh8 23. Qe2 g5 24. Nf3 Ng6 25. dxe5 Nxe5 26. Nxe5
Bxe5 27. Qxa6 Bxg3 28. fxg3 Qd6 29. Qxd6 cxd6 30. exd5 Nxd5 31. c4 Nb6 32.
Rxd6 Nxc4 33. Rc6 Na5 34. Rcxe6 Kf7 35. Rxe8 Rxe8 36. Rxe8 Kxe8 37. Bd2 Nc4
38. Bc3 Kd7 39. Kf2 Ke6 40. Kf3 Kf5 41. g4+ Ke6 42. g3 Kd5 43. Bg7 Ke6 44.
Bxh6 Nxb2 45. Bxg5 Nd3 46. Be3 Ne5+ 47. Ke4 Ng6 48. h4 Ne5 49. g5 Ng4 50.
Bf4 Nf2+ 51. Kf3 Nd3 52. h5 Ne5+ 53. Bxe5 Kxe5 54. Kg4 Ke6 55. h6 Kf7 56.
Kh5 Kg8 57. g6 Kh8 58. g4 Kg8 59. Kg5 Kh8 60. Kf6 Kg8 61. g7 Kh7 62. Kf7
Kxh6 63. g5+ Kh7 64. g8=Q# { Black checkmated } 1-0

[Event "ICC tourney 2532 (25 5)"]
[Site "Internet Chess Club"]
[Date "2021.04.24"]
[Round "4"]
[White "BUKLIS, JOSEPH:K12-14880942"]
[Black "BHALOO, ADAM:K12-15234397"]
[Result "0-1"]
[ICCResult "White resigns"]
[WhiteElo "1494"]
[BlackElo "899"]
[Opening "Caro-Kann defense"]
[ECO "B15"]
[NIC "CK.05"]
[Time "17:06:32"]
[PlyCount "142"]
[TimeControl "1500+5"]

1. e4 c6 2. d4 d5 3. Nc3 e5 4. Nf3 dxe4 5. Nxe4 Nd7 6. dxe5 Qa5+ 7. Bd2 Qb6
8. Bc3 Bb4 9. Nd6+ Bxd6 10. Qxd6 Qc5 11. Qxc5 Nxc5 12. O-O-O Bg4 13. Be2
Ne4 14. Bd4 Ne7 15. h3 Bxf3 16. Bxf3 Ng5 17. Bg4 O-O 18. f4 Ne6 19. Bxe6
fxe6 20. Bc5 Rae8 21. Bxe7 Rxe7 22. g3 a5 23. Rd6 c5 24. Rhd1 a4 25. a3 h6
26. Rd7 Rxd7 27. Rxd7 b5 28. Rb7 g5 29. Rxb5 gxf4 30. gxf4 Rxf4 31. Rxc5
Rf1+ 32. Kd2 h5 33. Rc4 Rh1 34. Rh4 Rh2+ 35. Kd3 Kf7 36. Rxh5 Kg6 37. Rh4
Kf5 38. Rxa4 Rxh3+ 39. Kc4 Kxe5 40. Ra5+ Kf6 41. b4 e5 42. b5 Rh4+ 43. Kb3
e4 44. b6 Rh3+ 45. c3 e3 46. b7 Rh1 47. Kc2 Rh2+ 48. Kd1 Rd2+ 49. Ke1 Rb2
50. Ra8 Rxb7 51. Rf8+ Ke5 52. Rf3 Ke4 53. Rh3 Kd3 54. Kf1 Kd2 55. Rh2+ Kd1
56. Ra2 Rh7 57. Ra1+ Kd2 58. Ra2+ Kd3 59. a4 Rf7+ 60. Ke1 Rg7 61. Kf1 Rf7+
62. Ke1 Rh7 63. Kf1 Rh1+ 64. Kg2 Re1 65. c4 Rd1 66. Ra3+ Ke4 67. Rxe3+ Kxe3
68. c5 Rc1 69. a5 Rxc5 70. a6 Ra5 71. a7 Rxa7 { White resigns } 0-1

[Event "ICC tourney 2532 (25 5)"]
[Site "Internet Chess Club"]
[Date "2021.04.24"]
[Round "4"]
[White "KUMARAPPAN, GANESH:K12-14920281"]
[Black "MCCOY, OWEN:K12-14447115"]
[Result "0-1"]
[ICCResult "White forfeits on time"]
[WhiteElo "2004"]
[BlackElo "2251"]
[Opening "Sicilian: Najdorf"]
[ECO "B90"]
[NIC "SI.14"]
[Time "17:06:46"]
[PlyCount "88"]
[TimeControl "1500+5"]

1. e4 c5 2. Nf3 d6 3. d4 cxd4 4. Nxd4 Nf6 5. Nc3 a6 6. f3 e6 7. Be3 b5 8.
Qd2 Bb7 9. Be2 Nbd7 10. O-O Rc8 11. a4 b4 12. Na2 a5 13. c3 bxc3 14. Nxc3
Be7 15. Ndb5 d5 16. exd5 Nxd5 17. Nxd5 Bxd5 18. Rac1 Rxc1 19. Rxc1 O-O 20.
Nc7 Bb4 21. Qd4 Nf6 22. Bg5 Bb3 23. Qxd8 Rxd8 24. Bb5 h6 25. Be3 Bd2 26.
Bxd2 Rxd2 27. Rb1 Ba2 28. Ra1 Rxb2 29. h3 Bb1 30. Ra3 Nh5 31. Rc3 Bc2 32.
Nxe6 fxe6 33. Rc8+ Kf7 34. Be8+ Kf6 35. Bxh5 g6 36. Rc5 gxh5 37. Rxa5 Kg6
38. Re5 Bb3 39. a5 Ra2 40. Kh2 Bd5 41. Kg3 Rxa5 42. Kh4 Ra4+ 43. g4 hxg4
44. hxg4 Rf4 { White forfeits on time } 0-1

[Event "ICC tourney 2532 (25 5)"]
[Site "Internet Chess Club"]
[Date "2021.04.24"]
[Round "4"]
[White "KAZUO SLOWIK, DYLAN:K12-14697884"]
[Black "YORISH, MARK:K12-17264384"]
[Result "1-0"]
[ICCResult "Black checkmated"]
[WhiteElo "1769"]
[BlackElo "987"]
[Opening "Queen's pawn game"]
[ECO "A46"]
[NIC "QP.06"]
[Time "17:06:28"]
[PlyCount "157"]
[TimeControl "1500+5"]

1. d4 Nf6 2. Nf3 c5 3. g3 cxd4 4. Nxd4 Nc6 5. Bg2 e6 6. O-O Be7 7. c4 a6 8.
Nc3 O-O 9. b3 Qc7 10. Bb2 b6 11. Nxc6 dxc6 12. Qc2 Bb7 13. Rfd1 c5 14. Ne4
Nxe4 15. Bxe4 Bxe4 16. Qxe4 Rfd8 17. Qg4 Bf8 18. e3 Qe7 19. f4 g6 20. e4
Bg7 21. e5 Ra7 22. Rxd8+ Qxd8 23. Rd1 Rd7 24. Rxd7 Qxd7 25. Qe2 b5 26. Kf2
Bf8 27. Bc3 Be7 28. Qf3 Qc8 29. Qe4 Kg7 30. g4 Kg8 31. Kg3 h6 32. Bd2 Kh7
33. Be3 Kg7 34. Qd3 b4 35. Qe4 a5 36. Qd3 Kh7 37. h4 Kg7 38. h5 Kh7 39. g5
hxg5 40. fxg5 Qc7 41. Qe4 Qc8 42. Qh4 Kg8 43. hxg6 fxg6 44. Qe4 Kg7 45. Qh1
Bf8 46. Qh6+ Kf7 47. Qh4 Qc7 48. Qf4+ Kg7 49. Qf6+ Kh7 50. Qxf8 Qxe5+ 51.
Qf4 Qg7 52. Bxc5 Qc3+ 53. Qe3 Qb2 54. Qxe6 Qg7 55. Qf6 Qc7+ 56. Bd6 Qd7 57.
Qe7+ Qxe7 58. Bxe7 Kg7 59. Bd8 Kf7 60. Bxa5 Ke6 61. Bxb4 Kd7 62. Kf4 Kc7
63. Ke5 Kd7 64. Kf6 Ke8 65. Kxg6 Kd7 66. Kh7 Ke6 67. g6 Kf6 68. g7 Kf5 69.
g8=Q Kf4 70. Qg6 Ke5 71. Qd6+ Ke4 72. Qd5+ Ke3 73. Bd2+ Kf2 74. Qe4 Kg3 75.
Be1+ Kh2 76. Qg4 Kh1 77. Bf2 Kh2 78. Qg1+ Kh3 79. Qg3# { Black checkmated }
1-0

[Event "ICC tourney 2532 (25 5)"]
[Site "Internet Chess Club"]
[Date "2021.04.24"]
[Round "4"]
[White "TSYGANOVA, MARGARITA:K12-15922341"]
[Black "OBEROI, SHELEV:K12-14961028"]
[Result "0-1"]
[ICCResult "White forfeits on time"]
[WhiteElo "1616"]
[BlackElo "2277"]
[Opening "Ruy Lopez: modern Steinitz defense"]
[ECO "C75"]
[NIC "RL.11"]
[Time "17:07:06"]
[PlyCount "92"]
[TimeControl "1500+5"]

1. e4 e5 2. Nf3 Nc6 3. Bb5 a6 4. Ba4 d6 5. c3 Bd7 6. O-O g5 7. d4 g4 8. Ne1
h5 9. f4 b5 10. Bb3 exd4 11. cxd4 Bg7 12. Be3 g3 13. h3 Nf6 14. e5 Ng4 15.
Qd2 Nh2 16. Nf3 Nxf1 17. Kxf1 dxe5 18. fxe5 Be6 19. d5 Nxe5 20. dxe6 Qxd2
21. Nbxd2 O-O-O 22. Rc1 Nd3 23. Rc2 Nb4 24. Rc1 fxe6 25. Bxe6+ Kb7 26. Bf4
c6 27. Bxg3 Bh6 28. Rd1 Nc2 29. Bf2 Rhf8 30. Bb3 Ne3+ 31. Bxe3 Bxe3 32. Ne4
Rxd1+ 33. Bxd1 Bd4 34. b3 Kb6 35. Ke2 Bg7 36. Bc2 c5 37. Nd6 Rd8 38. Nf5
Bc3 39. g4 hxg4 40. hxg4 c4 41. g5 Re8+ 42. Kf2 Kc5 43. g6 Kb4 44. N3h4 Bf6
45. Kf3 Kc3 46. Be4 Kd2 { White forfeits on time } 0-1

[Event "ICC tourney 2532 (25 5)"]
[Site "Internet Chess Club"]
[Date "2021.04.24"]
[Round "4"]
[White "MORAN, ELLA:K12-14650774"]
[Black "AMRAM, ARON:K12-14805835"]
[Result "0-1"]
[ICCResult "White resigns"]
[WhiteElo "1786"]
[BlackElo "1093"]
[Opening "Queen's pawn: Yusupov-Rubinstein system"]
[ECO "A46"]
[NIC "QP.06"]
[Time "17:06:25"]
[PlyCount "126"]
[TimeControl "1500+5"]

1. d4 Nf6 2. Nf3 e6 3. e3 b6 4. Bd3 Bb7 5. O-O c5 6. b3 cxd4 7. exd4 d5 8.
Bg5 Be7 9. Nbd2 h6 10. Bf4 Bd6 11. Ne5 Nc6 12. Bb5 Rc8 13. Ndf3 O-O 14. c4
Ne7 15. Rc1 a6 16. Ba4 Nh5 17. Bd2 Nf6 18. Qe1 Ne4 19. Bb4 b5 20. Ba5 Qe8
21. cxb5 Rxc1 22. Qxc1 axb5 23. Bxb5 Qxb5 24. Bd2 Nxd2 25. Qxd2 Bxe5 26.
Nxe5 Nf5 27. Rb1 Rc8 28. a4 Qb6 29. Nf3 Nd6 30. Ne5 Ne4 31. Qf4 Rc7 32. Nf3
Nc3 33. Re1 Ba6 34. Kh1 Rb7 35. Nd2 Ne4 36. Nxe4 dxe4 37. Re3 Bd3 38. Qe5
Qxb3 39. h3 Qxa4 40. Rg3 g6 41. Qf4 Qd7 42. Qxh6 Qxd4 43. Rg4 Qa1+ 44. Kh2
Qe5+ 45. g3 Qg7 46. Qd2 Rb2 47. Qe3 Re2 48. Qa7 e3 49. Rh4 Rxf2+ 50. Kg1
Rf1+ 51. Kg2 e2 52. Qb8+ Qf8 53. Rh8+ Kxh8 54. Qxf8+ Kh7 55. Qd8 e1=Q 56.
Qh4+ Kg7 57. Qd4+ Rf6 58. h4 Be4+ 59. Kh3 Qh1+ 60. Kg4 Bf5+ 61. Kg5 Qc1+
62. Qf4 Qxf4+ 63. Kxf4 Bb1+ { White resigns } 0-1

[Event "ICC tourney 2532 (25 5)"]
[Site "Internet Chess Club"]
[Date "2021.04.24"]
[Round "4"]
[White "KOVACS, JEREMY:K12-15030650"]
[Black "PENG, BRANDON:K12-15283836"]
[Result "1/2-1/2"]
[ICCResult "Game drawn by mutual agreement"]
[WhiteElo "1303"]
[BlackElo "1769"]
[Opening "Sicilian: accelerated fianchetto, exchange variation"]
[ECO "B34"]
[NIC "SI.33"]
[Time "17:06:35"]
[PlyCount "147"]
[TimeControl "1500+5"]

1. e4 c5 2. Nf3 Nc6 3. d4 cxd4 4. Nxd4 g6 5. Nxc6 bxc6 6. Bc4 Bg7 7. O-O
Nf6 8. Nc3 O-O 9. Re1 Bb7 10. e5 Nd5 11. Nxd5 cxd5 12. Bxd5 Rb8 13. Bxb7
Rxb7 14. Rb1 Qa5 15. Bf4 Qxa2 16. b3 Rc8 17. Ra1 Qb2 18. Qd5 Rbc7 19. Rac1
e6 20. Qd6 Bf8 21. Qd3 Rxc2 22. Rb1 Qc3 23. Qxd7 Qb4 24. g3 a5 25. Qa4 Qc5
26. Rf1 h6 27. Rbc1 g5 28. Rxc2 Qxc2 29. Be3 Rb8 30. Qxa5 Qxb3 31. Qc7 Qb5
32. f4 Qb3 33. Bd2 Rb7 34. Qc1 Ba3 35. Qc8+ Kg7 36. fxg5 Qb6+ 37. Kg2 Rc7
38. gxh6+ Kh7 39. Qe8 Qb7+ 40. Kh3 Bb2 41. Rb1 Qf3 42. Rxb2 Qf1+ 43. Kh4
Rc4+ 44. Bf4 Rxf4+ 45. gxf4 Qxf4+ 46. Kh3 Qf3+ 47. Kh4 Qf4+ 48. Kh3 Qxh6+
49. Kg2 Qg5+ 50. Kf3 Qf5+ 51. Kg2 Qe4+ 52. Kf2 Qd4+ 53. Kf3 Qd3+ 54. Kg2
Qe4+ 55. Kf2 Qf5+ 56. Kg2 Qg5+ 57. Kf3 Qh5+ 58. Kg2 Qg4+ 59. Kh1 Qd1+ 60.
Kg2 Qd5+ 61. Kf2 Qd4+ 62. Kf3 Qc3+ 63. Ke4 Qc4+ 64. Kf3 Qd3+ 65. Kg2 Qd5+
66. Kf2 Qc5+ 67. Kf3 Qc3+ 68. Ke4 Qe1+ 69. Kf3 Qc3+ 70. Ke4 Qc4+ 71. Kf3
Qd3+ 72. Kg2 Qe4+ 73. Kf2 Qf4+ 74. Kg2 { Game drawn by mutual agreement }
1/2-1/2